AoeStats
← Ben

Lombardia

508622299Analyzed
4v4 RM · 8d ago on Sep 23, 2026· 40m 22s· 8 players
Game mode
Random Map
Map size
Large (8 player)
Population
200
Speed
Normal
Resources
Standard
Victory
Conquest
Starting age
Dark Age
Ending age
Imperial Age
RankedLock teamsTeams togetherTeam positionsShared explorationLock speedFull tech treeHidden civsTurbo modeCheats
Victory
Defeat
🇨🇳 Spanish · China
968
+16
🇨🇳 Georgians · China
958
+16
🇷🇺 Bulgarians · Russia
883
+19
🇧🇪 Varangians · Belgium
874
+20
🇵🇪 Vikings · Peru
1008
-20
🇨🇳 Bohemians · China
950
-17
🇺🇸 Wei · United States
938
-17
🇩🇪 Mongols · Germany
936
-17
Ben
4:49 Loom
9:57 Feudal Age
10:28 Double-Bit Axe
11:51 Wheelbarrow
13:47 Wheelbarrow
13:23 Horse Collar
16:16 Scale Barding Armor
16:53 Bloodlines
17:19 Forging
25:38 Castle Age
26:54 Light Cavalry
28:51 Chain Barding Armor
29:23 Tuntian
30:39 Husbandry
31:48 Bow Saw
32:42 Iron Casting
34:09 Hand Cart
38:16 Fletching
Matze91
10:46 Feudal Age
14:31 Castle Age
12:19 Horse Collar
13:07 Double-Bit Axe
22:23 Loom
24:44 Scale Barding Armor
24:51 Forging
26:01 Heavy Plow
26:10 Fletching
27:48 Padded Archer Armor
27:54 Husbandry
29:54 Ballistics
31:16 Bodkin Arrow
32:22 Bow Saw
35:28 Imperial Age
34:06 Bloodlines
35:42 Leather Archer Armor
35:49 Chain Barding Armor
35:20 Crossbowman
36:49 Bracer
37:53 Chemistry
37:20 Conscription
38:21 Iron Casting
38:51 Elite Steppe Lancer
40:50 Wheelbarrow
0204isaias
9:18 Loom
11:27 Feudal Age
18:57 Arson
18:33 Man-at-Arms
20:21 Forging
28:58 Castle Age
30:11 Horse Collar
31:09 Double-Bit Axe
34:02 Bow Saw
33:55 Heavy Plow
36:05 Gold Mining
38:52 Gold Shaft Mining
40:20 Stone Mining
2579439892
12:09 Feudal Age
19:15 Double-Bit Axe
19:16 Horse Collar
23:21 Castle Age
30:54 Imperial Age
32:30 Conscription
32:55 Bow Saw
32:35 Pikeman
33:17 Squires
33:35 Forging
33:27 Scale Mail Armor
34:42 Chemistry
35:04 Two-Man Saw
34:07 Heavy Plow
33:47 Halberdier
WinterVison
8:27 Loom
10:24 Feudal Age
16:31 Castle Age
14:45 Double-Bit Axe
31:07 Gambesons
31:24 Squires
31:37 Scale Mail Armor
33:07 Wheelbarrow
33:38 Chain Mail Armor
33:40 Forging
34:46 Hand Cart
34:44 Vendel Legacy
36:52 Bow Saw
36:31 Horse Collar
40:20 Imperial Age
风吹奶罩飘
12:37 Feudal Age
14:02 Loom
14:32 Double-Bit Axe
17:09 Castle Age
15:21 Horse Collar
36:10 Wheelbarrow
39:14 Imperial Age
37:23 Padded Archer Armor
37:27 Heavy Plow
38:25 Gold Mining
41:04 Conscription
40:09 Elite Conquistador
zansob
10:25 Loom
13:20 Feudal Age
15:24 Double-Bit Axe
16:26 Arson
17:32 Wheelbarrow
16:43 Horse Collar
21:05 Gold Mining
21:05 Stone Mining
23:50 Castle Age
26:44 Bow Saw
27:01 Heavy Plow
28:12 Stone Mining
33:02 Hand Cart
38:33 Imperial Age
39:18 Elite Konnik
踏天南
5:14 Loom
11:27 Feudal Age
15:34 Castle Age
14:02 Double-Bit Axe
15:44 Horse Collar
23:18 Wheelbarrow
24:00 Bow Saw
25:28 Heavy Plow
26:54 Gold Mining
28:44 Forging
28:41 Scale Barding Armor
29:28 Hand Cart
32:31 Imperial Age
31:20 Scale Barding Armor
32:08 Chain Barding Armor
32:25 Iron Casting
31:45 Stone Mining
33:52 Plate Barding Armor
33:44 Conscription
33:12 Elite Monaspa
34:09 Bloodlines
35:34 Hoardings
35:30 Husbandry
36:33 Blast Furnace
Connection lost

Rejoining the realm…

Still unreachable

The connection could not be restored.

Session expired

The server has moved on; the page needs a fresh start.